 Dungeon Crawl Stone Soup version 0.21.1-1-g345015f (webtiles) character file.

4651 Monsterracer the Destroyer (level 10, -1/49 HPs)
             Began as a Vine Stalker Wizard on July 12, 2018.
             Was a Follower of Sif Muna.
             Slain by a wraith (5 damage)
             ... on level 9 of the Dungeon.
             The game lasted 00:36:40 (12948 turns).

Monsterracer the Destroyer (Vine Stalker Wizard)   Turns: 12948, Time: 00:36:41

Health: -1/49      AC: 12    Str: 11    XL:     10   Next: 43%
Magic:  0/21       EV: 11    Int: 20    God:    Sif Muna [*.....]
Gold:   409        SH:  0    Dex: 13    Spells: 14/23 levels left

rFire    . . .     SeeInvis +   e - +1 dagger (venom)
rCold    . . .     Gourm    .   (no shield)
rNeg     . . .     Faith    .   o - +3 ring mail
rPois    .         Spirit   +   b - +0 hat
rElec    .         Reflect  .   y - +2 cloak of the Thief {+Fog Slay-2 SInv Stlth+}
rCorr    .         Harm     .   (no gloves)
MR       ++...                  t - +0 pair of boots
Stlth    +++.......             (no amulet)
HPRegen  0.56/turn              l - ring of protection from magic {!d}
MPRegen  0.17/turn              (no ring)

@: slowed, divine energy, very slow
A: fangs 3, regeneration 1, magic shield, antimagic bite, no potion heal 3, rot
immunity
a: Stop Divine Energy, Renounce Religion, Evoke Fog


You were on level 9 of the Dungeon.
You worshipped Sif Muna.
Sif Muna was aware of your devotion.
You were not hungry.

You visited 2 branches of the dungeon, and saw 11 of its levels.

You collected 427 gold pieces.
You spent 18 gold pieces at shops.

Inventory:

Hand Weapons
 e - a +1 dagger of venom (weapon)
Armour
 b - a +0 hat (worn)
 g - a +0 shield
 n - the +2 cloak "Teosej" {*Corrode +Blink rC- Str+8}
   (You found it on level 4 of the Dungeon)

   It affects your strength (+8).
   It makes you vulnerable to cold.
   It lets you blink.
   It may corrode you when you take damage.
 o - a +3 ring mail (worn)
 t - a +0 pair of boots (worn)
 y - the +2 cloak of the Thief (worn) {+Fog Slay-2 SInv Stlth+}
   (You acquired it on level 8 of the Dungeon)

   It affects your accuracy and damage with ranged weapons and melee attacks
   (-2).
   It lets you see invisible.
   It makes you more stealthy.
Jewellery
 l - a ring of protection from magic (left hand) {!d}
Wands
 d - a wand of digging (21)
 r - a wand of paralysis (10)
 u - a wand of iceblast (13)
Scrolls
 h - a scroll of fog
 i - 2 scrolls of identify
 p - a scroll of amnesia
 q - 3 scrolls of remove curse
 v - 3 scrolls of teleportation
Potions
 j - 3 potions of haste
 k - 2 potions of mutation {!q}
 m - 5 potions of flight
 s - a potion of cancellation
 w - a potion of brilliance
 x - a potion of might
 z - a potion of curing
 A - a potion of agility
 B - 2 potions of lignification
Comestibles
 c - 21 rations


   Skills:
 * Level 4.1 Fighting
 + Level 4.3 Short Blades
 + Level 2.0 Dodging
 - Level 4.1 Stealth
 + Level 7.2 Spellcasting
 - Level 10.0 Conjurations
   Level 1.0 Summonings
 - Level 4.0 Translocations
 + Level 1.9 Invocations
 + Level 1.7 Evocations


You had 14 spell levels left.
You knew the following spells:

 Your Spells              Type           Power        Failure   Level  Hunger
a - Magic Dart            Conj           ####         1%          1    None
b - Conjure Flame         Conj/Fire      ####....     9%          3    #......
c - Mephitic Cloud        Conj/Pois/Air  ###.....     17%         3    #......
e - Blink                 Tloc           N/A          6%          2    None


Dungeon Overview and Level Annotations

Branches:
Dungeon (10/15)            Temple (1/1) D:5
   Lair: D:8-11         Orc: D:9-12

Altars:
Ashenzari
Cheibriados
Dithmenos
Elyvilon
Fedhas
Gozag
Hepliaklqana
Kikubaaqudgha
Makhleb
Nemelex Xobeh
Okawaru
Qazlal
Ru
Sif Muna
Trog
Uskayaw
Vehumet
Wu Jian
Xom
Yredelemnul
Zin
The Shining One

Shops:
D:6 *

Annotations:
D:9 exclusion: upstairs


Innate Abilities, Weirdness & Mutations

You have razor-sharp teeth.
Your natural rate of healing is unusually fast.
When hurt, damage is shared between your health and your magic reserves.
Your bite disrupts and absorbs the magic of your enemies.
Potions cannot restore your health.
You are immune to rotting.


Message History

The wraith hits you but does no damage.
Unknown command.
You barely miss the wraith.
The wraith is severely damaged.
The wraith hits you but does no damage.
You hit the wraith but do no damage.
The wraith is severely damaged.
The wraith hits you.
You take 3 damage, and have 45/49 hp.
You completely miss the wraith.
The wraith is severely damaged.
The wraith hits you but does no damage.
You hit the wraith. Your bite misses the wraith.
The wraith is severely damaged.
The wraith hits you!
You take 7 damage, and have 38/49 hp.
You hit the wraith. You bite the wraith, but do no damage.
The wraith is severely damaged.
The wraith barely misses you.
You barely miss the wraith.
The wraith is severely damaged.
The wraith closely misses you. x2
You hit the wraith but do no damage.
The wraith is severely damaged.
The wraith hits you. The wraith drains your vigour!
You feel as though you will be slow longer.
You take 2 damage, and have 37/49 hp.
You now have 1/21 mp.
You closely miss the wraith. Your bite misses the wraith.
The wraith is severely damaged.
The wraith closely misses you.
Casting: Magic Dart
Confirm with . or Enter, or press ? or * to list all spells.
Aiming: Magic Dart
Press: ? - help, Shift-Dir - straight line, f/p - wraith
Aim: a wraith (severely damaged)
The magic dart hits the wraith.
The wraith is severely damaged.
The wraith hits you but does no damage.
You now have 1/21 mp.
Casting: Magic Dart
Confirm with . or Enter, or press ? or * to list all spells.
Aiming: Magic Dart
Press: ? - help, Shift-Dir - straight line, f/p - wraith
Aim: a wraith (severely damaged)
The magic dart hits the wraith.
The wraith is severely damaged.
The wraith hits you. The wraith drains your vigour!
You feel as though you will be slow longer.
The wraith hits you but does no damage.
You take 1 damage, and have 37/49 hp.
You now have 0/21 mp.
You hit the wraith but do no damage. You bite the wraith. You drain its power.
You feel invigorated.
The wraith is almost destroyed.
The wraith hits you but does no damage.
You regained 2 mp, and now have 2/21 mp.
You hit the wraith.
The wraith is almost destroyed.
The wraith hits you but does no damage.
You barely miss the wraith.
The wraith is almost destroyed.
The wraith hits you! The wraith drains your vigour!
You feel as though you will be slow longer.
The wraith hits you! The wraith drains your vigour!
You feel as though you will be slow longer.
You take 14 damage, and have 25/49 hp.
MASSIVE DAMAGE!!
You now have 2/21 mp.
You closely miss the wraith.
The wraith is almost destroyed.
The wraith hits you but does no damage.
Unknown command.
Casting: Magic Dart
Confirm with . or Enter, or press ? or * to list all spells.
Aiming: Magic Dart
Press: ? - help, Shift-Dir - straight line, f/p - wraith
Aim: a wraith (almost destroyed)
The magic dart hits the wraith.
The wraith is almost destroyed.
The wraith hits you!
* * * LOW HITPOINT WARNING * * *
The wraith drains your vigour!
You feel as though you will be slow longer.
You take 7 damage, and have 19/49 hp.
You now have 0/21 mp.
Unknown command.
The wraith hits you!
* * * LOW HITPOINT WARNING * * *
The wraith drains your vigour!
You feel as though you will be slow longer.
You take 10 damage, and have 9/49 hp.
MASSIVE DAMAGE!!
Casting: Magic Dart
Confirm with . or Enter, or press ? or * to list all spells.
Aiming: Magic Dart
Press: ? - help, Shift-Dir - straight line, f/p - wraith
Aim: a wraith (almost destroyed)
The magic dart hits the wraith.
The wraith is almost destroyed.
The wraith hits you!
* * * LOW HITPOINT WARNING * * *
The wraith closely misses you.
You take 6 damage, and have 3/49 hp.
You now have 0/21 mp.
The wraith hits you.
You die...

# #..........>########.......(#..
###.......................#).##..
..............(...........[>(....
###................(......######.
#..........#######....[.######.
#..........#........(#..#......
###........###.......[....#.####.
...........###....()[..)..#.###..
............)..W@...<.#####.#....
...........###........# #.#.#.#
...........# ###......# #.#<#..
....######## ##....(# #.#####
....# #.###.# #....# ....####
#..##.# ####.# .......#
##.##.########.## .......#
#.(#.#.......... ###....#
##.#.#.......###


You could see a wraith.

Vanquished Creatures
  A hippogriff (D:7)
  The ghost of eyesofgods1 the Sneak, an amateur SpAs (D:5)
  A human (D:9)
  2 basilisks (D:10)
  2 porcupines (D:10)
  Duvessa (D:4)
  5 sky beasts
  An orc warrior (D:9)
  An ice beast (D:8)
  A necrophage (D:6)
  3 centaurs
  4 ogres
  3 phantoms
  A big kobold (D:9)
  The ghost of Rwicked the Sneak, an amateur SpAs (D:3)
  3 bullfrogs
  A gnoll sergeant (D:9)
  Dowan (D:4)
  A wyvern skeleton (D:6)
  6 killer bees
  2 howler monkeys (D:7)
  7 crimson imps
  2 orc priests
  3 bullfrog skeletons
  4 hounds
  3 jellies
  6 orc wizards
  Crazy Yiuf (D:3)
  A centaur skeleton (D:5)
  An iguana (D:10)
  4 worker ants
  3 killer bee zombies
  3 gnolls (D:10)
  A howler monkey skeleton (D:5)
  9 adders
  2 oozes (D:2)
  An adder skeleton (D:6)
  An adder zombie (D:6)
  6 worms
  4 dart slugs
  7 leopard geckos
  32 orcs
  2 bats (D:2)
  2 giant cockroaches
  12 hobgoblins
  10 jackals
  11 kobolds
  3 quokkas
  7 frilled lizards
  7 goblins
  2 jackal skeletons
  A leopard gecko skeleton (D:4)
  3 rats
203 creatures vanquished.

Vanquished Creatures (others)
  3 fungi (D:10)
  10 plants (D:10)
13 creatures vanquished.

Grand Total: 216 creatures vanquished

Notes
Turn   | Place    | Note
-------+----------+-------------------------------------------
     0 | D:1      | Monsterracer the Vine Stalker Wizard began the quest for the Orb.
     0 | D:1      | Reached XP level 1. HP: 9/9 MP: 5/5
   233 | D:1      | Reached skill level 2 in Conjurations
   233 | D:1      | Reached XP level 2. HP: 13/13 MP: 1/7
   423 | D:1      | Learned a level 2 spell: Blink
  1195 | D:1      | Reached XP level 3. HP: 16/16 MP: 5/8
  1342 | D:2      | HP: 8/16 [adder (3)]
  1343 | D:2      | Reached skill level 3 in Conjurations
  1683 | D:2      | HP: 8/16 [jackal (2)]
  2139 | D:2      | Gained mutation: Your natural rate of healing is unusually fast. [Vine Stalker growth]
  2139 | D:2      | Reached XP level 4. HP: 21/21 MP: 3/9
  2445 | D:2      | Reached skill level 4 in Conjurations
  3740 | D:3      | Noticed Rwicked's ghost (amateur SpAs)
  3854 | D:3      | HP: 10/21 [Rwicked's ghost (3)]
  3862 | D:3      | HP: 9/21 [Rwicked's ghost (3)]
  3879 | D:3      | HP: 8/21 [Rwicked's ghost (4)]
  3897 | D:3      | HP: 10/21 [Rwicked's ghost (4)]
  3907 | D:3      | HP: 10/21 [Rwicked's ghost (4)]
  3912 | D:3      | HP: 10/21 [Rwicked's ghost (2)]
  3917 | D:3      | Killed Rwicked's ghost
  3917 | D:3      | Reached skill level 5 in Conjurations
  3917 | D:3      | Reached XP level 5. HP: 13/24 MP: 0/10
  4185 | D:1      | Learned a level 3 spell: Conjure Flame
  4189 | D:1      | Learned a level 3 spell: Mephitic Cloud
  4435 | D:3      | Reached XP level 6. HP: 25/28 MP: 1/12
  4530 | D:3      | Found a runed door.
  4534 | D:3      | Noticed Crazy Yiuf
  4542 | D:3      | HP: 13/28 [Crazy Yiuf/quarterstaff of chaos (11)]
  4545 | D:3      | Killed Crazy Yiuf
  4545 | D:3      | Reached skill level 1 in Short Blades
  4727 | D:4      | Noticed Duvessa
  5258 | D:4      | Got a bloodstained cloak
  5269 | D:4      | Identified the +2 cloak "Teosej" {*Corrode +Blink rC- Str+8} (You found it on level 4 of the Dungeon)
  5290 | D:4      | HP: 13/28 [poisoned by a worker ant]
  5295 | D:4      | HP: 9/28 [poisoned by a worker ant]
  5300 | D:4      | HP: 6/28 [poisoned by a worker ant]
  5305 | D:4      | HP: 5/28 [poisoned by a worker ant]
  5311 | D:4      | HP: 5/28 [poisoned by a worker ant]
  5316 | D:4      | HP: 4/28 [orc/tomahawk (2)]
  5321 | D:4      | HP: 5/28 [poisoned by a worker ant]
  5329 | D:4      | HP: 7/28 [poisoned by a worker ant]
  5525 | D:4      | Noticed a phantom
  5541 | D:4      | HP: 11/28 [phantom (8)]
  5550 | D:4      | HP: 13/28 [phantom (3)]
  5560 | D:4      | HP: 14/28 [frilled lizard (2)]
  5593 | D:4      | HP: 14/28 [phantom (2)]
  5599 | D:4      | HP: 8/28 [phantom (6)]
  5627 | D:4      | Killed a phantom
  5627 | D:4      | Reached skill level 6 in Conjurations
  5732 | D:4      | Noticed Dowan
  5912 | D:5      | Entered Level 5 of the Dungeon
  5918 | D:5      | Noticed a phantom
  5933 | D:5      | Killed a phantom
  5933 | D:5      | Reached XP level 7. HP: 30/32 MP: 4/14
  5953 | D:5      | Noticed eyesofgods1's ghost (amateur SpAs)
  6000 | D:4      | HP: 16/32 [orc/short sword (1)]
  6370 | D:5      | Killed eyesofgods1's ghost
  6448 | D:5      | Reached skill level 7 in Conjurations
  6620 | D:5      | Found a white marble altar of Elyvilon.
  6640 | D:5      | Found a staircase to the Ecumenical Temple.
  6649 | Temple   | Entered the Ecumenical Temple
  6880 | D:5      | Found a radiant altar of Vehumet.
  6883 | D:5      | Found a snail-covered altar of Cheibriados.
  6886 | D:5      | Found a bloodstained altar of Trog.
  7045 | D:6      | HP: 16/32 [sky beast (4)]
  7069 | D:6      | HP: 13/32 [sky beast (6)]
  7105 | D:6      | Gained mutation: You have razor-sharp teeth. [Vine Stalker growth]
  7105 | D:6      | Reached XP level 8. HP: 27/36 MP: 3/16
  7445 | D:6      | Reached skill level 5 in Spellcasting
  7569 | D:6      | HP: 16/36 [worm (5)]
  7754 | D:6      | Reached skill level 8 in Conjurations
  7867 | D:6      | HP: 18/36 [wyvern skeleton (4)]
  7949 | D:6      | Found Yplijopp's Assorted Antiques.
  7952 | D:6      | Bought a fizzy cyan potion for 18 gold pieces
  8427 | D:7      | Reached XP level 9. HP: 40/40 MP: 10/18
  8553 | D:7      | Found a glowing golden altar of the Shining One.
  8556 | D:7      | Found a deep blue altar of Sif Muna.
  8563 | D:7      | Became a worshipper of Sif Muna the Loreminder
  8630 | D:7      | Reached skill level 1 in Fighting
  8779 | D:7      | Found a hazy altar of Hepliaklqana.
  8780 | D:7      | Found a shimmering altar of Xom.
  8780 | D:7      | Noticed a thorn hunter
  8781 | D:7      | Noticed a thorn hunter
  8781 | D:7      | Noticed a spectral ugly thing
  8950 | D:7      | HP: 20/41 [hippogriff (3)]
  8963 | D:7      | HP: 20/41 [something (2)]
  8965 | D:7      | HP: 7/41 [something (6)]
  9223 | D:7      | Reached skill level 9 in Conjurations
 10222 | D:8      | Identified a scroll of acquirement
 10223 | D:8      | Found the +2 cloak of the Thief {+Fog Slay-2 SInv Stlth+}
 10408 | D:8      | Noticed a catoblepas
 10480 | D:8      | HP: 21/43 [centaur (1)]
 10482 | D:8      | HP: 7/43 [centaur (6)]
 10487 | D:8      | HP: 6/43 [poisoned by a killer bee]
 10493 | D:8      | HP: 4/43 [centaur (2)]
 10498 | D:8      | HP: 4/43 [poisoned by a killer bee]
 10506 | D:8      | HP: 6/43 [poisoned by a killer bee]
 10519 | D:8      | HP: 8/43 [hound (5)]
 10886 | D:8      | Found a sacrificial altar of Ru.
 11128 | D:4      | Killed Duvessa
 11132 | D:4      | Killed Dowan
 11248 | D:9      | Reached * piety under Sif Muna
 11501 | D:9      | Reached XP level 10. HP: 49/49 MP: 14/21
 11698 | D:9      | Reached skill level 10 in Conjurations
 12078 | D:9      | Reached skill level 1 in Evocations
 12086 | D:9      | Reached skill level 1 in Invocations
 12375 | D:9      | Found an iron altar of Okawaru.
 12489 | D:10     | Entered Level 10 of the Dungeon
 12944 | D:9      | HP: 19/49 [wraith (8)]
 12945 | D:9      | HP: 9/49 [wraith (11)]
 12947 | D:9      | HP: 3/49 [wraith (7)]
 12948 | D:9      | Slain by a wraith

Skill      XL: |  1  2  3  4  5  6  7  8  9 10 |
---------------+-------------------------------+-----
Conjurations   | 2 3 5 6 7 8 9 10 | 10.0
Short Blades   | 2 3 4 |  4.3
Spellcasting   | 4 5 6 7 |  7.2
Stealth        | 4 |  4.1
Fighting       | 3 4 |  4.1
Translocations | 3 4 |  4.0
Evocations     | 1 |  1.7
Invocations    | 1 |  1.9
Dodging        | 2 |  2.0
Summonings     | |  1.0

Action                   |  1- 3 |  4- 6 |  7- 9 | 10-12 || total
-------------------------+-------+-------+-------+-------++-------
Melee: Unarmed           |     2 |       |       |       ||     2
       Bite              |     6 |     8 |    34 |    16 ||    64
       Dagger            |    22 |    72 |   143 |    92 ||   329
 Cast: Magic Dart        |    83 |   224 |   354 |   142 ||   803
       Mephitic Cloud    |       |       |    16 |     6 ||    22
       Conjure Flame     |       |       |     2 |     3 ||     5
       Blink             |       |       |       |     1 ||     1
Invok: Divine Energy     |       |       |       |     1 ||     1
 Abil: Evoke Fog         |       |       |     1 |       ||     1
Evoke: Wand              |       |       |     2 |       ||     2
  Use: Potion            |     1 |       |       |       ||     1
       Scroll            |       |    10 |    12 |       ||    22
 Stab: Sleeping          |       |     1 |     3 |       ||     4
       Confused          |       |       |     5 |     4 ||     9
       Paralysed         |       |       |     1 |       ||     1
  Eat: Chunk             |     4 |     8 |    16 |     5 ||    33
       Ration            |       |     1 |     1 |       ||     2
Armor: Robe              |     4 |    22 |    37 |       ||    63
       Ring mail         |       |       |    10 |    55 ||    65
Dodge: Dodged            |    21 |    66 |   147 |    75 ||   309

Vault maps used:
D:1:      moated_graveyard_arrival
D:3:      first_ration, uniq_crazy_yiuf_cottage
D:4:      uniq_duvessa
D:5:      grunt_temple_overflow_diamond, elyvilon_altar_5, temple_fountains
D:6:      serial_shops, kennysheep_mini
D:7:      regret_index_temple_of_mockery, grunt_temple_overflow_open
D:8:      nicolae_ru_the_path_less_chosen
D:9:      grunt_pizzeria, okawaru_gym_becter
D:10:     minmay_lair_entry_grove, serial_shops, shop, grunt_ministairs_8,
          uniq_snorg
Temple:   dshaligram_water_room_temple
